 Dungeon Crawl Stone Soup version 0.20.1-1-g8b1a95d (webtiles) character file.

8477 dohliylev the Covert (level 11, -2/79 HPs)
             Began as a Vampire Enchanter on Dec 27, 2017.
             Was a Priest of Makhleb.
             Killed by divine providence
             ... invoked by an orc priest
              (13 damage)
             ... on level 9 of the Dungeon.
             The game lasted 00:47:18 (10318 turns).

dohliylev the Covert (Vampire Enchanter)           Turns: 10318, Time: 00:47:19

Health: -2/79      AC:  5    Str:  7    XL:     11   Next: 10%
Magic:  17/23      EV: 20    Int: 25    God:    Makhleb [***...]
Gold:   581        SH:  5    Dex: 14    Spells: 8/14 levels left

rFire    . . .     SeeInvis +   a - +3 dagger (curse)
rCold    . . .     Gourm    .   (no shield)
rNeg     + . .     Faith    .   b - +0 robe
rPois    .         Spirit   .   (no helmet)
rElec    .         Reflect  +   (no cloak)
rCorr    .         Harm     .   O - +0 pair of gloves
MR       +....                  n - +1 pair of boots
Stlth    ++++++....             N - +5 amulet of reflection
Regen    0.3/turn               K - +3 ring of intelligence
MPRegen  0.2/turn               y - ring of magical power

@: no status effects
A: fangs 3, see invisible, unbreathing
a: Bat Form, Minor Destruction, Lesser Servant of Makhleb, Renounce Religion


You were on level 9 of the Dungeon.
You worshipped Makhleb.
Makhleb was most pleased with you.
You were not thirsty.

You visited 1 branch of the dungeon, and saw 9 of its levels.
You also visited: Sewer.

You collected 581 gold pieces.

Inventory:

Hand Weapons
 a - a cursed +3 dagger (weapon)
Armour
 b - a +0 robe (worn)
 n - a +1 pair of boots (worn)
 t - a +0 cloak
 O - a +0 pair of gloves (worn)
Jewellery
 l - an uncursed amulet of rage
 o - an uncursed ring of positive energy
 u - an uncursed ring of protection from fire
 y - a ring of magical power (right hand)
 K - a +3 ring of intelligence (left hand)
 N - a +5 amulet of reflection (around neck)
Wands
 i - a wand of polymorph (10/24)
 x - a wand of disintegration (6/24)
 F - a wand of disintegration (13/24)
 G - a wand of flame (43/48)
 H - a wand of digging (6/24)
 L - a wand of confusion (28/48)
 M - a wand of clouds (3/9)
Scrolls
 f - 2 scrolls of recharging
 j - a scroll of teleportation
 m - a scroll of fog
 p - a scroll of enchant armour
 z - a scroll of blinking
 C - 2 scrolls of enchant weapon
 I - 2 scrolls of identify
 J - 4 scrolls of remove curse
Potions
 c - a potion of magic {unknown}
 d - 9 potions of blood
 e - 6 potions of curing
 g - 8 potions of heal wounds
 h - a potion of resistance {unknown}
 k - a potion of invisibility {unknown}
 q - 5 potions of might
 r - 3 potions of haste {unknown}
 s - 4 potions of brilliance
 v - a potion of berserk rage {unknown}
 w - a potion of mutation {unknown}
 A - a potion of degeneration {unknown}
 B - a potion of ambrosia {unknown}
 D - a potion of lignification {unknown}
 E - 2 potions of flight


   Skills:
 - Level 5.0 Fighting
 - Level 8.1 Short Blades
 - Level 12.0 Dodging
 + Level 13.9 Stealth
 - Level 2.0 Spellcasting
 + Level 6.2 Hexes
 - Level 1.1 Ice Magic


You had 8 spell levels left.
You knew the following spells:

 Your Spells              Type           Power        Failure   Level  Hunger
a - Corona                Hex            ####...      1%          1    None
b - Ensorcelled Hibernat  Hex/Ice        ###...       3%          2    ##.....
c - Confuse               Hex            ####....     2%          3    ###....


Dungeon Overview and Level Annotations

Branches:
Dungeon (9/15)             Temple (0/1) D:5
   Lair: D:8-11         Orc: D:9-12

Altars:
Cheibriados
Gozag
Makhleb
Nemelex Xobeh
Okawaru
Ru
Sif Muna
Vehumet
The Shining One

Shops:
D:6 (=*=

Annotations:
D:9 exclusion: ice statue


Innate Abilities, Weirdness & Mutations

You have razor-sharp teeth.
You have supernaturally acute eyesight. (SInv)
You can survive without breathing.


Message History

The orc warrior dies!
Makhleb accepts your kill.
Casting: Confuse
Confirm with . or Enter, or press ? or * to list all spells.
Aiming: Confuse
Press: ? - help, Shift-Dir - straight line, f/p - orc wizard
Aim: an orc wizard, wielding a dagger of venom and wearing a robe (moderately wounded, fast, slightly transparent, chance to defeat MR: 62%)
The orc wizard appears confused.
Your orange demon disappears in a puff of smoke!
Your hellwing barely misses the orc wizard.
Your hellwing hits the orc wizard.
The orc hits your hellwing with a short sword.
The orc priest calls upon Beogh to heal the orc wizard.
The orc wizard is healed somewhat.
Your hellwing swoops through the air toward the orc wizard!
Your hellwing barely misses the orc wizard.
Your hellwing hits the orc wizard.
The orc priest mumbles some strange prayers to Beogh against you.
Beogh smites you!
You die...

####### ###### ###.....# #....#
#.......# #....#### #(......#
#.......# #.......########
#.......# #.ยง...o....@...#
#.......### ######...).....4....#
#..........
.........o...o......###..........
.....#########.............######
.....#.......#.............#
.....#.......#.......#####.#
.....#.......#.......#...#.###
.....#.......#.......#...#...#
.....####'####.......#...#...#


You could see an orc priest, an orc wizard (confused), an orc and a friendly
hellwing.

Vanquished Creatures
  Pikel (D:9)
  Joseph (D:7)
  5 ice devils (D:9)
  A troll (D:9)
  3 hippogriffs
  Sigmund (D:2)
  A human (D:7)
  3 hogs (D:7)
  A yak (D:7)
  Edmund (D:6)
  The ghost of OnekoMk1 the Magician, an amateur DEAE (Sewer)
  A water moccasin (D:7)
  3 sky beasts
  An ice beast (D:5)
  3 orc warriors
  2 phantoms
  6 ogres
  6 centaurs
  3 big kobolds
  2 bullfrogs
  A scorpion (D:6)
  7 wights
  A howler monkey (D:5)
  An electric eel (D:7)
  4 crimson imps
  2 bullfrog zombies (D:4)
  A hound (D:8)
  4 jellies
  3 orc wizards
  3 bullfrog skeletons
  3 orc priests
  A centaur skeleton (D:6)
  Crazy Yiuf (D:2)
  Jessica (D:2)
  Natasha (thrice) (D:4)
  2 iguanas
  13 worker ants
  A killer bee zombie (D:7)
  A hound zombie (D:7)
  A hound skeleton (D:8)
  A worker ant zombie (D:5)
  11 adders
  3 shadow imps
  7 ufetubi (D:9)
  2 adder zombies
  3 adder skeletons
  3 worms
  A dart slug (D:1)
  3 leopard geckos
  28 orcs
  2 ball pythons (Sewer)
  8 bats
  4 giant cockroaches
  3 goblins
  5 hobgoblins
  8 jackals
  6 quokkas
  5 frilled lizards
  25 kobolds
  A leopard gecko zombie (D:7)
  A quokka zombie (D:4)
  10 rats
240 creatures vanquished.

Vanquished Creatures (collateral kills)
  A two-headed ogre (D:7)
  2 orc warriors (D:9)
  A sky beast (D:9)
  An orc (D:9)
5 creatures vanquished.

Vanquished Creatures (others)
  4 slaves (D:9)
  A hound (D:9)
  An iguana (D:9)
  A shadow imp (D:7)
7 creatures vanquished.

Grand Total: 252 creatures vanquished

Notes
Turn   | Place    | Note
-------+----------+-------------------------------------------
     0 | D:1      | dohliylev the Vampire Enchanter began the quest for the Orb.
     0 | D:1      | Reached XP level 1. HP: 13/13 MP: 3/3
    36 | D:1      | Reached skill level 5 in Stealth
   207 | D:1      | Reached XP level 2. HP: 19/19 MP: 3/5
   211 | D:1      | Learned a level 2 spell: Ensorcelled Hibernation
   422 | D:1      | Reached skill level 6 in Stealth
   859 | D:2      | Reached XP level 3. HP: 18/24 MP: 3/6
   895 | D:2      | Noticed Jessica
   898 | D:2      | Killed Jessica
   898 | D:2      | Reached skill level 7 in Stealth
   898 | D:2      | Reached skill level 1 in Ice Magic
   993 | D:2      | Found a sparkling altar of Nemelex Xobeh.
  1040 | D:2      | Found a sparkling altar of Nemelex Xobeh.
  1041 | D:2      | Found a radiant altar of Vehumet.
  1041 | D:2      | Found a snail-covered altar of Cheibriados.
  1043 | D:2      | Found a sacrificial altar of Ru.
  1043 | D:2      | Found a burning altar of Makhleb.
  1045 | D:2      | Found an opulent altar of Gozag.
  1046 | D:2      | Found a deep blue altar of Sif Muna.
  1051 | D:2      | Became a worshipper of Makhleb the Destroyer
  1178 | D:2      | Reached XP level 4. HP: 30/30 MP: 4/7
  1227 | D:2      | Noticed Sigmund
  1233 | D:2      | Killed Sigmund
  1233 | D:2      | Reached skill level 9 in Stealth
  1233 | D:2      | Reached XP level 5. HP: 34/35 MP: 5/8
  1544 | D:2      | Found a runed door.
  1548 | D:2      | Noticed Crazy Yiuf
  1552 | D:2      | Killed Crazy Yiuf
  1818 | D:3      | Reached XP level 6. HP: 41/41 MP: 6/9
  1905 | D:3      | Noticed Natasha
  1945 | D:4      | Killed Natasha
  2052 | D:4      | Learned a level 3 spell: Confuse
  2172 | D:4      | Found a glowing drain.
  2187 | Sewer    | Entered a sewer
  2278 | Sewer    | Noticed OnekoMk1's ghost (amateur DEAE)
  2295 | Sewer    | Reached skill level 5 in Short Blades
  2311 | Sewer    | Reached * piety under Makhleb
  2356 | Sewer    | Reached XP level 7. HP: 46/46 MP: 5/10
  2702 | Sewer    | Killed OnekoMk1's ghost
  3045 | D:4      | Noticed Natasha
  3056 | D:4      | Killed Natasha
  3056 | D:4      | Reached skill level 5 in Dodging
  3498 | D:4      | Reached ** piety under Makhleb
  3517 | D:4      | Noticed Natasha
  3522 | D:4      | Killed Natasha
  3543 | D:4      | Reached XP level 8. HP: 52/52 MP: 3/11
  3664 | D:5      | Entered Level 5 of the Dungeon
  4708 | D:5      | Found a staircase to the Ecumenical Temple.
  5060 | D:6      | Reached *** piety under Makhleb
  5115 | D:6      | Reached skill level 10 in Dodging
  5124 | D:6      | Noticed Edmund
  5133 | D:6      | Reached XP level 9. HP: 57/57 MP: 12/12
  5289 | D:6      | Found Saujoc's Antique Weapon Boutique.
  5315 | D:6      | Killed Edmund
  5457 | D:6      | Found Syphaum's Jewellery Emporium.
  5460 | D:6      | Found Bocuek's Assorted Antiques.
  5467 | D:6      | Found Erisacha's Jewellery Boutique.
  6141 | D:7      | Identified a scroll of acquirement
  6264 | D:7      | Reached skill level 1 in Fighting
  6549 | D:7      | Noticed Joseph
  6560 | D:7      | Killed Joseph
  6632 | D:7      | Noticed a two-headed ogre
  6748 | D:7      | Noticed a hellwing
  6762 | D:7      | Killed a two-headed ogre
  6762 | D:7      | Reached skill level 5 in Fighting
  6762 | D:7      | Reached XP level 10. HP: 25/74 MP: 13/13
  7026 | D:7      | Found an iron altar of Okawaru.
  7668 | D:8      | Reached skill level 10 in Stealth
  7677 | D:8      | Reached **** piety under Makhleb
  7724 | D:9      | Noticed an ice statue
  8231 | D:9      | Noticed Pikel
  8257 | D:9      | Killed Pikel
  8257 | D:9      | Reached skill level 11 in Stealth
  8452 | D:8      | Reached skill level 12 in Stealth
  8643 | D:8      | Found a glowing golden altar of the Shining One.
  8917 | D:9      | Reached skill level 13 in Stealth
  9068 | D:9      | Reached skill level 5 in Hexes
  9233 | D:9      | Reached XP level 11. HP: 79/79 MP: 14/14
 10318 | D:9      | Killed from afar by an orc priest

Skill      XL: |  1  2  3  4  5  6  7  8  9 10 11 |
---------------+----------------------------------+-----
Stealth        | 5 6 7 9 13 | 13.9
Ice Magic      | 1 |  1.1
Short Blades   | 2 5 8 |  8.1
Dodging        | 6 10 12 | 12.0
Fighting       | 5 |  5.0
Hexes          | 5 6 |  6.2
Spellcasting   | |  2.0

Action                   |  1- 3 |  4- 6 |  7- 9 | 10-12 || total
-------------------------+-------+-------+-------+-------++-------
Melee: Dagger            |    76 |    79 |   269 |   104 ||   528
       Bite              |     4 |     3 |    22 |     7 ||    36
 Cast: Corona            |    11 |     5 |     1 |       ||    17
       Ensorcelled Hiber |    11 |    22 |   102 |    95 ||   230
       Confuse           |       |       |    28 |    43 ||    71
Invok: Minor Destruction |       |       |    26 |    75 ||   101
       Lesser Servant of |       |       |     4 |     7 ||    11
 Abil: Evoke Berserk Rag |       |       |     2 |       ||     2
       End Transformatio |       |       |       |     3 ||     3
       Bat Form          |       |       |       |     3 ||     3
  Use: Scroll            |       |     6 |     9 |     3 ||    18
       Potion            |       |       |       |     6 ||     6
 Stab: Sleeping          |    13 |    23 |    75 |    41 ||   152
       Confused          |       |       |    14 |     9 ||    23
       Distracted        |       |       |     1 |     1 ||     2
  Eat: Corpse            |    10 |     9 |    24 |     7 ||    50
Armor: Robe              |    15 |    17 |    35 |     8 ||    75
Dodge: Dodged            |    46 |    45 |   158 |    95 ||   344
Block: Other             |       |       |     5 |    27 ||    32
       Reflection        |       |       |     1 |     6 ||     7
